Workbook

Sheet Plan  UNDADE INFANTIL CHÁCARA 
A1: PREFEITURA DE SANTA LUZIA – SECRETARIA MUNICIPAL DE EDUCAÇÃO
A5: Obra: Proinfância - UMEI
A6: Planilha Orçamentária
A7: RUA: GOVERNADOR BIAS FORTES
E8: EDIF C - Edificação principaL | F8: Fontes: SINAPI-MAIO19- NÃO DESONERADO; SETOP-JAN/19
B10: ITEM | C10: CÓDIGO | D10: FONTE | E10: DESCRIÇÃO DOS SERVIÇOS | F10: UNID. | G10: QUANT. | H10: PR. UNIT.(R$) sim bdi | I10: PR. UNI bdi | J10: total
B12: 1 | E12: SERVIÇOS PRELIMINARES
B13: 1.1 | C13: 74209/001 | D13: SINAPI | E13: Placa da obra - padrão Governo Federal | F13: m² | G13: =4*2.5 -> 10
B14: 1.2 | C14: IIO-LIG-005 | D14: SEINFRA | E14: Instalação provisória de água | F14: un | G14: 1
B15: 1.3 | C15: 73960/001 | D15: SINAPI | E15: Instalação provisória de energia elétrica em baixa tensão | F15: un | G15: 1
B16: 1.4 | C16: MERCADO | D16: CP | E16: Instalações provisórias de esgoto | F16: un | G16: 1
B17: 1.5 | C17: 93207 | D17: SINAPI | E17: Barracões provisórios (depósito, escritório, vestiário e refeitório) com piso cimentado | F17: m² | G17: 40
B18: 1.6 | C18: 99059 | D18: SINAPI | E18: LOCACAO CONVENCIONAL DE OBRA, UTILIZANDO GABARITO DE TÁBUAS CORRIDAS PONTALETADAS A CADA 2,00M - 2 UTILIZAÇÕES. AF_10/2018 | F18: m² | G18: 565.62
B19: 1.7 | C19: ED-51007 | D19: SETOP EDI | E19: SONDAGEM A PERCUSSÃO D = 2 1/2" COM MEDIDA DE SPT (FATURAMENTO MÍNIMO = 30 M) | F19: M | G19: 75.62
B20: 1.8 | C20: ED-51100 | D20: SETOP EDI | E20: CORTE E DESATERRO PARA REGULARIZAÇÃO E ARRASTAMENTO NIVELADO A CURTA DISTÂNCIA COM LÂMINA | F20: M3 | G20: 2,38
B21: 1.9 | C21: 93596 | D21: SINAPI | E21: TRANSPORTE COM CAMINHÃO BASCULANTE DE 10 M3, EM VIA URBANA PAVIMENTADA, DMT ACIMA DE 30KM (UNIDADE: M3XKM). AF_04/2016 | F21: M3XKM | G21: 0.76
B22: 1.10 | C22: ED-4019 | D22: PROJ-EXE-090 | E22: PROJETO EXECUTIVO DE ESTRUTURA DE CONCRETO | F22: PR A1 | G22: 5
B23: 1.11 | C23: ED-4020 | D23: PROJ-EXE-150 | E23: PROJETO EXECUTIVO DE INSTALAÇÕES ELÉTRICAS | F23: PR A1 | G23: 3
B24: 1.12 | C24: ED-4052 | D24: PROJ-EXE-375 | E24: PROJETO EXECUTIVO DE AQUECIMENTO SOLAR E REDE DE ÁGUA QUENTE | F24: PR A1 | G24: 3
B25: 1.13 | C25: ED-4050 | D25: PROJ-EXE-075 | E25: PROJETO EXECUTIVO DE DRENAGEM PLUVIAL | F25: PR A1 | G25: 3
B26: 1.14 | C26: ED-4038 | D26: PROJ-EXE-135 | E26: PROJETO EXECUTIVO DE INSTALAÇÕES HIDRO SANITÁRIAS | F26: PR A1 | G26: 3
B27: 1.15 | C27: ED-4046 | D27: PROJ-EXE-210 | E27: PROJETO EXECUTIVO DE PREVENÇÃO E COMBATE A INCÊNDIO | F27: PR A1 | G27: 3
B29: Subtotal item 1
B31: 2 | E31: MOVIMENTO DE TERRAS
B32: 2.1 | C32: 94309 | D32: SINAPI | E32: Aterro apiloado em camadas de 0,20 m com material argilo - arenoso (entre baldrames) | F32: m³ | G32: 225.6
B33: 2.2 | C33: 73965/015 | D33: SINAPI | E33: Escavação manual de valas em qualquer terreno exceto rocha até h=1,50 m | F33: m³ | G33: 137.64
B34: 2.3 | C34: ED-51123 | D34: SETOP EDI | E34: Regularização e compactação do fundo de valas | F34: m² | G34: 121.3
B35: 2.4 | C35: 96995 | D35: SINAPI | E35: Reaterro apiloado de vala com material da obra | F35: m³ | G35: 74.88
B36: Subtotal item 2
B38: 3 | E38: INFRA-ESTRUTURA: FUNDAÇÕES
B39: 3.1 | E39: CONCRETO ARMADO PARA FUNDAÇÕES
B40: 3.1.1 | C40: 96616 | D40: SINAPI | E40: Lastro de concreto magro (e=3,0 cm) - preparo mecânico | F40: m² | G40: 22.70365
B41: 3.1.2 | C41: 96534 | D41: SINAPI | E41: Forma de madeira comum para Fundções - reaproveitamento 5X | F41: m² | G41: 53.1
B42: 3.1.3 | C42: 96545 | D42: SINAPI | E42: Armação aço CA-50, Diam. 6,3 (1/4) á 12,5mm(1/2) -Fornecimento/corte perda de 10%) / dobra / colocação. | F42: kg | G42: 315.9
B43: 3.1.5 | C43: 99235 | D43: SINAPI | E43: Concreto para Fundação fck=25MPa, incluindo preparo, lançamento, adensamento. | F43: m³ | G43: 9.8
B44: 3.2 | E44: CONCRETO ARMADO PARA FUNDAÇÕES - VIGAS BALDRAMES
B45: 3.2.1 | C45: 96616 | D45: SINAPI | E45: Lastro de concreto magro, e=3,0 cm-reparo mecânico | F45: m² | G45: =0.7*0.7*72 -> 35.28
B46: 3.2.2 | C46: 96534 | D46: SINAPI | E46: Forma de madeira comum para Fundções - reaproveitamento 5X | F46: m² | G46: 351
B47: 3.2.3 | C47: 96545 | D47: SINAPI | E47: Armação aço CA-50, Diam. 6,3 (1/4) á 12,5mm(1/2) -Fornecimento/corte perda de 10%) / dobra / colocação. | F47: kg | G47: 731.2
B48: 3.2.4 | C48: 96543 | D48: SINAPI | E48: Armação de aço CA-60 Diam. 3,4 a 6,0mm-Fornecimento/corte perda de 10%) / dobra / colocação. | F48: kg | G48: 310
B49: 3.2.5 | C49: 99235 | D49: SINAPI | E49: Concreto para Fundação fck=25MPa, incluindo preparo, lançamento, adensamento. | F49: m³ | G49: 20
B50: Subtotal item 3
B52: 4 | E52: SUPERESTRUTURA
B53: 4.1 | E53: CONCRETO ARMADO - PILARES
B54: 4.1.1 | C54: 96534 | D54: SINAPI | E54: Forma em chapa de madeira compensada resinada- Pilares | F54: m² | G54: =219.2+26.9 -> 246.1
B55: 4.1.2 | C55: 96545 | D55: SINAPI | E55: Armação aço CA-50, Diam. 6,3 (1/4) á 12,5mm(1/2) -Fornecimento/corte perda de 10%) / dobra / colocação. | F55: kg | G55: =878.3+1.7 -> 880
B56: 4.1.3 | C56: 96543 | D56: SINAPI | E56: Armação de aço CA-60 Diam. 3,4 a 6,0mm-Fornecimento/corte perda de 10%) / dobra / colocação. | F56: kg | G56: =353.3 -> 353.3
B57: 4.1.4 | C57: 99235 | D57: SINAPI | E57: Concreto Bombeado fck=25MPa, incluindo preparo, lançamento e adensamento. | F57: m³ | G57: =11+1.3 -> 12.3
B58: 4.2 | E58: CONCRETO ARMADO - VIGAS
B59: 4.2.1 | C59: 96534 | D59: SINAPI | E59: Forma madeira comp. resinada 12mm p/ Estrutura corte/Montagem/Escoramento/Desforma- Vigas | F59: m² | G59: 460.4
B60: 4.2.2 | C60: 96545 | D60: SINAPI | E60: Armação aço CA-50, Diam. 6,3 (1/4) á 12,5mm(1/2) -Fornecimento/corte perda de 10%) / dobra / colocação. | F60: kg | G60: 1070.2
B61: 4.2.3 | C61: 96543 | D61: SINAPI | E61: Armação de aço CA-60 Diam. 3,4 a 6,0mm-Fornecimento/corte perda de 10%) / dobra / colocação. | F61: kg | G61: 377.5
B62: 4.2.4 | C62: 99436 | D62: SINAPI | E62: Concreto Bombeado fck=25MPa, incluindo preparo, lançamento e adensamento. | F62: m³ | G62: 28.3
B63: 4.3 | E63: CONCRETO ARMADO - LAJES
B64: 4.3.1 | C64: 96534 | D64: SINAPI | E64: Forma madeira comp. resinada 12mm p/ Estrutura corte/Montagem/Escoramento/Desforma- Lajes | F64: m² | G64: 498
B65: 4.3.2 | C65: 96545 | D65: SINAPI | E65: Armação aço CA-50, Diam. 6,3 (1/4) á 12,5mm(1/2) -Fornecimento/corte perda de 10%) / dobra / colocação. | F65: kg | G65: 1381.3
B66: 4.3.3 | C66: 96543 | D66: SINAPI | E66: Armação de aço CA-60 Diam. 3,4 a 6,0mm-Fornecimento/corte perda de 10%) / dobra / colocação. | F66: kg | G66: 886.2
B67: 4.3.4 | C67: 99436 | D67: SINAPI | E67: Concreto Bombeado fck=25MPa, incluindo preparo, lançamento e adensamento. | F67: m³ | G67: 39
B68: 4.4 | E68: CONCRETO ARMADO PARA VERGAS
B69: 4.4.1 | C69: 93191 | D69: SINAPI | E69: Verga pré-moldada em concreto armado fck 15Mpa - 10x10cm, conforme projeto. | F69: m³ | G69: =114.3*0.15*0.1 -> 1.7145
B70: Subtotal item 4
B72: 5 | E72: PAREDES E PAINEIS
B73: 5.1 | E73: ELEMENTOS VAZADOS
B74: 5.1.1 | C74: 73937/1 | D74: SINAPI | E74: Cobogó de concreto (elemento vazado) - (10x15x15cm) assentado com argamassa traço 1:4 (cimento, areia) | F74: m² | G74: 20.3
B75: 5.1.2 | C75: 73937/5 | D75: SINAPI | E75: Cobogó de concreto (elemento vazado) - (10x40x40cm) assentado com argamassa traço 1:4 (cimento, areia) | F75: m² | G75: 25.85
B76: 5.2 | E76: ALVENARIA DE VEDAÇÃO
B77: 5.2.1 | C77: 87485 | D77: SINAPI | E77: Alvenaria de vedação de 1/2 vez em tijolos cerâmicos de 08 furos (dimensões nominais: 19x19x09); assentamento em argamassa no traço 1:2:8 (cimento, cal e areia) | F77: m² | G77: =860.64 -> 860.64
B78: 5.2.2 | C78: 87488 | D78: SINAPI | E78: Alvenaria de vedação de 1 vez em tijolos cerâmicos de 08 furos (dimensões nominais: 19x19x09); assentamento em argamassa no traço 1:2:8 (cimento, cal e areia) | F78: m² | G78: 72.18
B79: 5.2.3 | C79: 93201 | D79: SINAPI | E79: Encunhamento (aperto de alvenaria) em tijolo cerâmicos maciços 5x10x20cm 1 vez (esp. 20cm), assentamento c/ argamassa traço1:6 (cimento e areia) | F79: m | G79: 277.12
B80: 5.2.4 | C80: 79627 | D80: SINAPI | E80: DIVISORIA EM GRANITO BRANCO POLIDO, ESP = 3CM, ASSENTADO COM ARGAMASSA TRACO 1:4, ARREMATE EM CIMENTO BRANCO, EXCLUSIVE FERRAGENS | F80: m² | G80: =16.92+17.23 -> 34.15
B81: Subtotal item 5
B83: 6 | E83: ESQUADRIAS
B84: 6.1 | E84: PORTAS DE MADEIRA
B85: 6.1.1 | C85: 90849 | D85: SINAPI | E85: Porta de abrir em madeira 0,80x2,10m com Chapa metálica h=50cm, Barra de Apoio PNE e visor de vidro 20x110cm, PM1, conforme projeto de esquadrias | F85: und | G85: 9
B86: 6.1.2 | C86: 90822 | D86: SINAPI | E86: Porta de abrir em madeira 0,80x2,10m com Chapa metálica, Barra de Apoio PNE, PM2, conforme projeto de esquadrias | F86: und | G86: 6
B87: 6.1.3 | C87: 90822 | D87: SINAPI | E87: Porta de abrir em madeira 0,80x2,10m com veneziana de madeira 60x50cm, PM3, incluso aduela 1A, alizar e dobradiça com aneis, conforme projeto de esquadrias | F87: und | G87: 2
B88: 6.1.4 | C88: 90822 | D88: SINAPI | E88: Porta de abrir em madeira 0,80x2,10m , PM4, incluso aduela 1A, alizar e dobradiça com aneis,conforme projeto de esquadrias | F88: und | G88: 9
B89: 6.1.5 | C89: 90847 | D89: SINAPI | E89: Porta de abrir em madeira 0,60x2,10m PM5, incluso aduela 1A, alizar e dobradiça com aneis,conforme projeto de esquadrias | F89: und | G89: 1
B90: 6.1.6 | C90: 90847 | D90: SINAPI | E90: Porta de abrir- Box em madeira Laminado 0,60x1,60m, PM-06, incluso marco, dobradiças e tarjeta tipo LIVRE/OCUPADO, conforme projeto de esquadrias | F90: und | G90: 5
B91: 6.1.7 | C91: 90847 | D91: SINAPI | E91: Porta de abrir- Box em madeira Laminado 0,60x1,00m, PM-07, incluso marco, dobradiças e tarjeta tipo LIVRE/OCUPADOconforme projeto de esquadrias | F91: und | G91: 6
B92: 6.2 | E92: FERRAGENS E ACESSÓRIOS
B93: 6.2.1 | C93: 91307 | D93: SINAPI | E93: Fechadura de embutir completa, para portas internas | F93: und | G93: 20
B94: 6.2.2 | C94: 91307 | D94: SINAPI | E94: Fechadura de embutir completa, para portas de banheiro | F94: und | G94: 6
B95: 6.3 | E95: PORTAS EM ALUMÍNIO
B96: 6.3.1 | C96: 91341 | D96: SINAPI | E96: Porta de abrir de 0,80x2,10m em chapa de alumínio com vidro e veneziana- PA1, conforme projeto de esquadrias, inclusive ferragens | F96: m² | G96: =2*0.8*2.1 -> 3.36
B97: 6.3.2 | C97: 91341 | D97: SINAPI | E97: Porta de abrir de 0,80x2,10m em chapa de alumínio com veneziana- PA2, conforme projeto de esquadrias, inclusive ferragens | F97: m² | G97: =2*0.8*2.1 -> 3.36
B98: 6.3.3 | C98: 91341 | D98: SINAPI | E98: Porta de abrir de 0,60x2,10m em chapa de alumínio com veneziana- PA3, conforme projeto de esquadrias, inclusive ferragens | F98: m² | G98: =1*0.6*2.1 -> 1.26
B99: 6.3.4 | C99: 91341 | D99: SINAPI | E99: Porta de abrir de 0,50x0,80m em chapa de alumínio com veneziana PA4, conforme projeto de esquadrias, inclusive ferragens | F99: m² | G99: =1*0.5*0.8 -> 0.4
B100: 6.4 | E100: JANELAS DE ALUMÍNIO
B101: 6.4.1 | C101: 94572 | D101: SINAPI | E101: Janela de Alumínio, basculante 60X60cm, J-01,conforme projeto de esquadrias, inclusive ferragens | F101: m² | G101: =37*0.6*0.6 -> 13.32
B102: 6.4.2 | C102: 94572 | D102: SINAPI | E102: Janela de Alumínio, de abrir 60X90cm, J-02, conforme projeto de esquadrias, inclusive ferragens | F102: m² | G102: =4*0.6*0.9 -> 2.16
B103: 6.4.3 | C103: 94572 | D103: SINAPI | E103: Janela de Alumínio, de correr 120X120cm,J-03, conforme projeto de esquadrias - Corrediça, inclusive ferragens | F103: m² | G103: =11*1.2*1.2 -> 15.84
B104: 6.4.4 | C104: 94572 | D104: SINAPI | E104: Janela de Alumínio, de correr 180X120cm,J-04 conforme projeto de esquadrias, inclusive ferragens | F104: m² | G104: =1*1.8*1.2 -> 2.16
B105: 6.4.5 | C105: 94572 | D105: SINAPI | E105: Janela de Alumínio, de correr 180X160cm, J-05, conforme projeto de esquadrias, inclusive ferragens | F105: m² | G105: =12*1.8*1.6 -> 34.56
B106: 6.4.6 | C106: 92399 | D106: SINAPI | E106: Tela de nylon de proteção- fixada na esquadria | F106: m² | G106: =2.88+1.62 -> 4.5
B107: 6.5 | E107: VIDROS
B108: 6.5.1 | C108: 72118 | D108: SINAPI | E108: Vidro temperado incolor, espessura 6mm- fornecimento e instalação | F108: m² | G108: =2.16+1.68 -> 3.84
B109: 6.5.2 | C109: 84959 | D109: SINAPI | E109: Vidro liso comum incolor, espessura 6mm- fornecimento e instalação | F109: m² | G109: =52.56+13.32 -> 65.88
B110: 6.5.3 | C110: 74125/1 | D110: SINAPI | E110: Espelho cristal esp. 4mm com moldura de madeira | F110: m² | G110: 6.04
B111: Subtotal item 6
...

Sheet CRONOGRAMA CHACARA
A1: PREFEITURA DE SANTA LUZIA – SECRETARIA MUNICIPAL DE EDUCAÇÃO
A4: Município: | B4: SANTA LUZIA - MG
A5: Endereço:RUA: GOVERNADOR BIAS FORTES
A6: Planejamento
A7: ITEM | B7: DESCRIÇÃO DOS SERVIÇOS | C7: VALOR (R$) | D7: % ITEM | E7: 1 | F7: 2 | G7: 3 | H7: 4 | I7: 5
A9: 1 | B9: SERVIÇOS PRELIMINARES | C9: ='Plan UNDADE INFANTIL CHÁCARA '!J29 -> 0 | E9: 1
A11: 2 | B11: MOVIMENTO DE TERRAS PARA FUNDAÇÕES | C11: ='Plan UNDADE INFANTIL CHÁCARA '!J36 -> 0 | E11: 0.8 | F11: 0.2
A13: 3 | B13: FUNDAÇÕES | C13: ='Plan UNDADE INFANTIL CHÁCARA '!J50 -> 0 | E13: 0.15 | F13: 0.85
A15: 4 | B15: SUPERESTRUTURA | C15: ='Plan UNDADE INFANTIL CHÁCARA '!J70 -> 0 | F15: 0.4 | G15: 0.6
A17: 5 | B17: SISTEMA DE VEDAÇÃO VERTICAL INTERNO E EXTERNO (PAREDES) | C17: ='Plan UNDADE INFANTIL CHÁCARA '!J81 -> 0 | G17: 0.3 | H17: 0.7 | I17: 0.2
A19: 6 | B19: ESQUADRIAS | C19: ='Plan UNDADE INFANTIL CHÁCARA '!J111 -> 0 | H19: 0.3 | I19: 0.7
A21: 7 | B21: SISTEMAS DE COBERTURA | C21: ='Plan UNDADE INFANTIL CHÁCARA '!J117 -> 0 | F21: 0.15 | G21: 0.65 | H21: 0.2
A23: 8 | B23: IMPERMEABILIZAÇÃO | C23: ='Plan UNDADE INFANTIL CHÁCARA '!J122 -> 0 | G23: 1
A25: 9 | B25: REVESTIMENTOS INTERNOS E EXTERNOS | C25: ='Plan UNDADE INFANTIL CHÁCARA '!J132 -> 0 | H25: 0.4 | I25: 0.6
A27: 10 | B27: SISTEMAS DE PISOS INTERNOS E EXTERNOS (PAVIMENTAÇÃO) | C27: ='Plan UNDADE INFANTIL CHÁCARA '!J145 -> 0 | G27: 0.15 | H27: 0.7 | I27: 0.15
A29: 11 | B29: PINTURA | C29: ='Plan UNDADE INFANTIL CHÁCARA '!J162 -> 0 | G29: 0.5 | H29: 0.4 | I29: 0.1
A31: 12 | B31: INSTALAÇÃO ELETRICO | C31: ='Plan UNDADE INFANTIL CHÁCARA '!J244 -> 0 | F31: 0.1 | G31: 0.2 | H31: 0.3 | I31: 0.4
A33: 13 | B33: DRENAGEM DE ÁGUAS PLUVIAIS | G33: 0.2 | H33: 0.4 | I33: 0.4
A35: 14 | B35: INSTALAÇÃO SANITÁRIA | G35: 0.2 | H35: 0.35 | I35: 0.45
A37: 15 | B37: LOUÇAS E METAIS | H37: 0.2 | I37: 0.8
A39: 16 | B39: INSTALAÇÃO DE GÁS COMBUSTÍVEL | G39: 0.3 | H39: 0.3 | I39: 0.4
A41: 17 | B41: SISTEMA DE PROTEÇÃO CONTRA INCÊNDIO | G41: 0.2 | H41: 0.5 | I41: 0.3
A43: 18 | B43: INSTALAÇÕES ELÉTRICAS | E43: 0.05 | F43: 0.1 | G43: 0.3 | H43: 0.4 | I43: 0.15
A45: 19 | B45: INSTALAÇÕES DE CLIMATIZAÇÃO | G45: 0.3 | H45: 0.2 | I45: 0.5
A47: 20 | B47: INSTALAÇÕES DE REDE ESTRUTURADA | H47: 0.7 | I47: 0.3
A49: 21 | B49: SISTEMA DE EXAUSTÃO MECÂNICA | H49: 0.3 | I49: 0.7
A51: 22 | B51: SISTEMA DE PROTEÇÃO CONTRA DESC. ATMOSFÉRICAS (SPDA) | F51: 0.05 | G51: 0.15 | H51: 0.6 | I51: 0.2
A53: 23 | B53: SERVIÇOS COMPLEMENTARES | F53: 0.15 | G53: 0.25 | H53: 0.45 | I53: 0.15
H54: 0.3 | I54: 0.7
A55: 24 | B55: SERVIÇOS FINAIS
A58: Valores totais | C58: =SUM(C9:C55) -> 0 | D58: =SUM(D9:D55) -> 0 | H58: =H10+H12+H14+H16+H18+H20+H22+H24+H26+H28+H30+H32+H34+H36+H38+H40+H42+H44+H46+H48+H50+H52+H54+H56 -> 0.3 | I58: =I10+I12+I14+I16+I18+I20+I22+I24+I26+I28+I30+I32+I34+I36+I38+I40+I42+I44+I46+I48+I50+I52+I54+I56 -> 0.7
E60: =E59 -> 0 | F60: =E60+F59 -> 0 | G60: =F60+G59 -> 0 | H60: =G60+H59 -> 0 | I60: =H60+I59 -> 0
